 Dungeon Crawl Stone Soup version 0.24-a0-458-gfcb5e6da0e (webtiles) character file.

Game seed: 1094800203674644821

100 KristoblXynda the Slasher (level 4, -2/38 HPs)
             Began as a Draconian Gladiator on June 27, 2019.
             Slain by a gnoll
             ... wielding a +0 spear
              (3 damage)
             ... on level 2 of the Dungeon.
             The game lasted 00:02:30 (1487 turns).

KristoblXynda the Slasher (Draconian Gladiator)     Turns: 1487, Time: 00:02:31

Health: -2/38      AC:  5    Str: 16    XL:     4   Next: 46%
Magic:  4/4        EV: 13    Int:  9    God:
Gold:   72         SH:  0    Dex: 13    Spells: 3/3 levels left

rFire    . . .     SeeInvis .   a - +0 long sword
rCold    . . .     Gourm    .   (no shield)
rNeg     . . .     Faith    .   (armour unavailable)
rPois    .         Spirit   .   b - +0 hat
rElec    .         Reflect  .   (no cloak)
rCorr    .         Harm     .   (no gloves)
MR       .....                  (no boots)
Stlth    +.........             (no amulet)
HPRegen  0.12/turn              (no ring)
MPRegen  0.09/turn              (no ring)

@: slowed, very slow
A: unfitting armour, cold-blooded, AC +5
a: no special abilities


You were on level 2 of the Dungeon.
You were not hungry.

You visited 1 branch of the dungeon, and saw 2 of its levels.

You collected 72 gold pieces.

Inventory:

Hand Weapons
 a - a +0 long sword (weapon)
Missiles
 c - 3 throwing nets (quivered)
Armour
 b - a +0 hat (worn)
Scrolls
 e - a scroll of immolation
 i - a scroll of amnesia
Potions
 f - a potion of brilliance {unknown}
Comestibles
 d - 5 rations


   Skills:
 + Level 3.2 Fighting
 * Level 4.1 Long Blades
 - Level 2.0 Throwing
 + Level 3.3 Dodging


You had 3 spell levels left.
You didn't know any spells.
Your spell library was empty.

Dungeon Overview and Level Annotations

Branches:
Dungeon (2/15)

Altars:
Zin

Shops:
D:2 *

Annotations:
D:2 Natasha


Innate Abilities, Weirdness & Mutations

Your plain brown scales are hard. (AC +5)
You cannot fit into any form of body armour.
You are cold-blooded and may be slowed by cold attacks.


Message History

The gnoll hits you from afar with a +0 halberd.
You closely miss Natasha. Natasha claws you.
The gnoll hits you from afar with a +0 halberd!
* * * LOW HITPOINT WARNING * * *
Natasha casts a spell at you.
You feel yourself slow down.
The gnoll shouts!
Natasha stares at you and mumbles some strange words.
The magic dart hits you!
* * * LOW HITPOINT WARNING * * *
As you read the scroll labeled IPTOIK UCAI, it crumbles to dust.
It is a scroll of amnesia.
You feel forgetful for a moment. Natasha barely misses you.
The white imp disappears in a puff of smoke!
The gnoll closely misses you. Natasha misses you.
As you read the scroll labeled VASCHA UTZA, it crumbles to dust.
You feel aware of your surroundings.
You sensed 4 altars.
It was a scroll of magic mapping.
The gnoll hits you from afar with a +0 spear.
You die...

#^# #.....## #.# #.# #......# #.#
#.# #......# #####.# #.#
#......###...#.# ..#
#.......#......##
######.....#.........##
####......###.......#.#
.......∩.._⌠#........##
####......###.g.@...## *********
##.........#..#h..###****,,,,,,,*
...#......5..gg..##*,,,**,,,,,,,*
#####.....##g#####**,*,,,,,,,**,*
#####........# *,,,*,,,,**,**,,
......#...#### *,*****,,**,,,,,
########.## *,,,*.,,,.,,,,,* .*
#.).# ***,#.**.##***,* .##* #g.5#
*,..*#..,,,,,*


You could see Natasha, 4 gnolls and a white imp.

Vanquished Creatures
  Terence (D:2)
  2 adders (D:2)
  An ooze (D:1)
  2 dart slugs (D:1)
  A leopard gecko (D:1)
  An orc (D:2)
  4 giant cockroaches
  6 goblins
  7 hobgoblins
  4 jackals (D:1)
  A quokka (D:2)
  6 bats
  A frilled lizard (D:1)
  3 kobolds
  4 rats (D:1)
44 creatures vanquished.

Notes
Turn   | Place    | Note
-------+----------+-------------------------------------------
     0 | D:1      | KristoblXynda the Draconian Gladiator began the quest for
                  | the Orb.
     0 | D:1      | Reached XP level 1. HP: 17/17 MP: 1/1
   368 | D:1      | Reached XP level 2. HP: 15/25 MP: 2/2
   648 | D:1      | Reached XP level 3. HP: 30/30 MP: 3/3
  1005 | D:2      | Reached XP level 4. HP: 17/38 MP: 4/4
  1191 | D:2      | Found Zin's Purification Station.
  1191 | D:2      | Found a glowing silver altar of Zin.
  1249 | D:2      | Noticed Terence
  1271 | D:2      | Killed Terence
  1271 | D:2      | Reached skill level 4 in Long Blades
  1457 | D:2      | Noticed Natasha
  1484 | D:2      | HP: 1/38 [Natasha/magic dart (10)]
  1487 | D:2      | Slain by a gnoll

Levels and vault maps discovered:
D:1:      psy_arrival_conway, layout_basic, kennysheep_decorative_pillar
D:2:      layout_loops_cross, grunt_temple_overflow_cloverleaf, zin_purify,
          uniq_terence, uniq_jessica, uniq_natasha

Skill      XL: |  1  2  3  4 |
---------------+-------------+-----
Throwing       | 2 |  2.0
Dodging        | 3 |  3.3
Fighting       | 3 |  3.2
Long Blades    | 4 |  4.1

Action                   |  1- 3 |  4- 6 || total
-------------------------+-------+-------++-------
Melee: Long sword        |    77 |    21 ||    98
       Tailslap          |     5 |     1 ||     6
  Use: Potion            |     1 |       ||     1
       Scroll            |       |     4 ||     4
 Stab: Sleeping          |     2 |       ||     2
  Eat: Chunk             |       |     2 ||     2
Armor: Skin              |    22 |     8 ||    30
Dodge: Dodged            |    64 |    18 ||    82
       Rpst.: Long sword |    29 |     4 ||    33

Table legend:
 A = Non-vault XP
 B = Vault XP
 C = Vault XP percentage of total XP
 D = Non-vault monster count
 E = Vault monster count
 F = Vault count percentage of total count
                 A         B        C        D         E       F
            +---------+---------+-------+---------+---------+-------
      Total |     107 |      36 |  25.2 |      43 |       1 |   2.3
            +---------+---------+-------+---------+---------+-------
        D:1 |      60 |       0 |   0.0 |      30 |       0 |   0.0
        D:2 |      47 |      36 |  43.4 |      13 |       1 |   7.1
            +---------+---------+-------+---------+---------+-------
